 Dungeon Crawl Stone Soup version 0.29.1-4-g47bece8355 (webtiles) character file.

Game seed: 7042115941890991870

4464 hawla the Frost Mage (level 10, -9/109 HPs)
             Began as a Meteoran Ice Elementalist on Dec 10, 2022.
             Was a Follower of Vehumet.
             Mangled by a komodo dragon (17 damage)
             ... on level 1 of the Lair of Beasts.
             The game lasted 00:19:53 (3672 turns).

hawla the Frost Mage (Meteoran Ice Elementalist)    Turns: 3672, Time: 00:19:54

Health: -9/109     AC: 25    Str: 11    XL:     10   Next: 95%
Magic:  0/21       EV:  2    Int: 20    God:    Vehumet [*.....]
Gold:   280        SH:  0    Dex: 15    Spells: 9/23 levels left

rFire   + + +      SeeInvis .   w - +2 long sword
rCold   . . .      Faith    .   (no shield)
rNeg    + + +      Spirit   .   (body armour currently unavailable)
rPois   +          Reflect  .   (helmet currently unavailable)
rElec   .          Harm     .   (cloak currently unavailable)
rCorr   +          Rampage  .   (gloves currently unavailable)
Will    +....      NoTele   +   (boots currently unavailable)
Stlth   +.........              (no amulet)
HPRegen 0.28/turn               g - ring "Ycemm" {rPois rF+++ rN++ rCorr Stlth-}
MPRegen 0.17/turn               o - ring of positive energy

@: tree-form (expiring), very slightly contaminated, glowing
A: stationary, stasis, torment immunity, boosted hp, sense surroundings 2,
otherworldly, glowing, explore regen
a: Renounce Religion


You were on level 1 of the Lair of Beasts.
You worshipped Vehumet.
Vehumet was aware of your devotion.
You were a tree.
You visited 3 branches of the dungeon, and saw 10 of its levels.

You collected 280 gold pieces.

Inventory:

Hand Weapons
 f - a +1 short sword of flaming
 w - a +2 long sword (weapon)
Armour
 i - a +0 cloak (melded)
 x - a +1 robe of resistance (melded)
Jewellery
 a - a ring of magical power
 g - the ring "Ycemm" (left branch) {rPois rF+++ rN++ rCorr Stlth-}
   (You found it on level 2 of the Dungeon)

   [ring of resist corrosion]

   rF:        It renders you almost immune to fire.
   rPois:     It protects you from poison.
   rN:        It greatly protects you from negative energy.
   rCorr:     It protects you from acid and corrosion.
   Stlth:     It makes you less stealthy.
 o - a ring of positive energy (right branch)
Wands
 h - a wand of flame (20)
 l - a wand of roots (14) (quivered)
Scrolls
 b - a scroll of butterflies {unknown}
 c - a scroll of silence
 d - 2 scrolls of poison {unknown}
 q - a scroll of identify
 r - 2 scrolls of torment {unknown}
 t - a scroll of magic mapping
 v - a scroll of immolation {unknown}
Potions
 j - 3 potions of lignification
 k - 6 potions of curing
 m - a potion of flight {unknown}
 n - a potion of mutation {unknown}
 p - a potion of berserk rage {unknown}
 s - a potion of heal wounds {unknown}
 u - a potion of degeneration {unknown}


   Skills:
 - Level 2.0 Fighting
 - Level 1.7 Short Blades
 - Level 3.6 Dodging
 - Level 1.4 Stealth
 - Level 7.2 Spellcasting
 - Level 4.0 Conjurations
 + Level 10.4 Translocations
 - Level 10.9 Ice Magic
 - Level 2.0 Evocations


You had 9 spell levels left.
You knew the following spells:

 Your Spells              Type           Power      Damage    Failure   Level
a - Freeze                Ice            100%       1d11      1%          1
b - Frozen Ramparts       Ice            100%       1d16      1%          3
c - Hailstorm             Conj/Ice       37%        3d9       4%          4
d - Dispersal             Tloc           24%        N/A       21%         6

Your spell library contained the following spells:

 Spells                   Type           Power      Damage    Failure   Level
 Sandblast                Erth           14%        2d6       10%         1
 Gell's Gravitas          Tloc           48%        N/A       1%          3
 Ozocubu's Armour         Ice            50%        N/A       1%          3
 Teleport Other           Tloc           48%        N/A       1%          3
 Portal Projectile        Hex/Tloc       56%        N/A       3%          3
 Call Canine Familiar     Summ           7%         N/A       28%         3
 Animate Dead             Necr           7%         N/A       67%         4
 Leda's Liquefaction      Hex/Erth       3%         N/A       67%         4
 Borgnjor's Vile Clutch   Necr/Erth      3%         N/A       95%         5
 Death Channel            Necr           3%         N/A       100%        6


Dungeon Overview and Level Annotations

Branches:
Dungeon (8/15) Zot: 1316   Temple (1/1) D:6 Zot: 401    Lair (1/5) D:8 Zot: 576

Altars:
Cheibriados
Elyvilon
Gozag
Kikubaaqudgha
Makhleb
Nemelex Xobeh
Okawaru
Qazlal
Ru
Sif Muna
Trog
Uskayaw
Vehumet
Wu Jian
Xom
Yredelemnul
Zin
The Shining One

Annotations:
D:5 1 runed translucent door


Innate Abilities, Weirdness & Mutations

You are a tree.
Your roots penetrate the ground, keeping you stationary.
You cannot be teleported.
You are immune to unholy pain and torment.
Your maximum health is greatly increased.
Your equipment is partially melded.
You passively map the area around you.
You are easily found by Zot.
You glow in the dark.
You regain HP and MP as you explore.


Message History

The komodo dragon is heavily wounded.
The bullfrog hits you but does no damage.
The bullfrog hits you. The komodo dragon bites you.
You hit the komodo dragon.
The komodo dragon is heavily wounded.
The bullfrog hits you but does no damage.
The blink frog blinks!
The bullfrog hits you but does no damage.
The komodo dragon bites you but does no damage.
The bullfrog hits you but does no damage.
You hit the komodo dragon.
The komodo dragon is severely wounded.
The komodo dragon is no longer moving slowly.
The bullfrog hits you but does no damage.
The blink frog hits you.
The blink frog blinks!
The komodo dragon bites you. The bullfrog hits you.
* * * LOW HITPOINT WARNING * * *
Casting: Freeze (safe; 1% risk of failure)
Confirm with . or Enter, or press ? or * to list all spells.
Aiming: Freeze (safe; 1% risk of failure)
Press: ? - help, Shift-Dir - straight line, f - komodo dragon
Aim: a komodo dragon (severely wounded)
You freeze the komodo dragon.
The komodo dragon is almost dead.
The blink frog blinks!
The bullfrog hits you but does no damage.
The komodo dragon bites you!!
* * * LOW HITPOINT WARNING * * *
Casting: Freeze (safe; 1% risk of failure)
Confirm with . or Enter, or press ? or * to list all spells.
Aiming: Freeze (safe; 1% risk of failure)
Press: ? - help, Shift-Dir - straight line, f/p - komodo dragon
Aim: a komodo dragon (almost dead)
You freeze the komodo dragon.
The komodo dragon is almost dead.
Your transformation is almost over.
The bullfrog hits you but does no damage.
A bullfrog comes into view.
The komodo dragon bites you!
You die...

~ , , ,, ~
~≈~......#.#.# ~
≈≈~.#...#...# #
* * , ~
≈~.......#.,.# ,
~ ,
~~~........#..F,
~ P #.........#
* ~~~
~..#.........# ,
......F†.....#.
, * ,, ,*,
#l♣.F..... , ,
*** ,
#.#Y......, * *
, ...*....#.., *
,, !....
....#,,, ,, ,
....... .....# ,
*
.......,.......
, ,
....##.,#.###..,
, * ,.P#.,.. ##
*.. * , * ** *


You could see a komodo dragon, a yak, a blink frog and 2 bullfrogs.

Vanquished Creatures
  Joseph (D:8)
  The ghost of sigtrap the Covert, a novice SpBr (D:5)
  A hornet (D:5)
  Grinder (D:6)
  Prince Ribbit (D:8)
  3 yaks (Lair:1)
  6 water moccasins
  2 orc warriors
  An ice beast (D:6)
  A sky beast (D:7)
  An ogre (D:6)
  A centaur (D:5)
  2 phantoms
  2 kobold brigands
  4 bullfrogs
  A gnoll sergeant (D:8)
  3 scorpions (D:5)
  3 necrophages
  2 wights (D:8)
  3 howler monkeys (D:8)
  3 jellies
  An orc priest (D:5)
  Crazy Yiuf (D:4)
  A hound (D:5)
  2 orc wizards
  3 iguanas
  5 gnolls (D:8)
  4 adders (D:4)
  A river rat (D:5)
  3 shadow imps
  3 white imps
  An ufetubus (D:6)
  A worm (D:5)
  A dart slug (D:5)
  19 orcs
  2 ball pythons
  2 endoplasms (D:4)
  2 giant cockroaches
  3 goblins
  2 hobgoblins (D:4)
  9 kobolds
  4 quokkas
  A bat (D:2)
  A frilled lizard (D:1)
115 creatures vanquished.

Vanquished Creatures (collateral kills)
  2 wights (D:8)
  An orc (D:8)
3 creatures vanquished.

Vanquished Creatures (others)
  12 plants (D:8)
  8 withered plants (D:8)
20 creatures vanquished.

Grand Total: 138 creatures vanquished

Notes
Turn   | Place    | Note
-------+----------+-------------------------------------------
     0 | D:1      | hawla the Meteoran Ice Elementalist began the quest for the
                  | Orb.
     0 | D:1      | Reached XP level 1. HP: 14/14 MP: 5/5
    71 | D:1      | Reached XP level 2. HP: 20/20 MP: 1/6
   143 | D:2      | Identified the ring "Ycemm" {rPois rF+++ rN++ rCorr Stlth-}
   169 | D:4      | Reached skill level 5 in Ice Magic
   169 | D:4      | Reached XP level 3. HP: 22/26 MP: 5/8
   174 | D:4      | Found a sacrificial altar of Ru.
   180 | D:4      | Reached XP level 4. HP: 22/33 MP: 0/10
   184 | D:4      | Learned a level 3 spell: Frozen Ramparts
   316 | D:4      | Noticed a necrophage
   325 | D:4      | Killed a necrophage
   326 | D:4      | Reached XP level 5. HP: 33/38 MP: 7/12
   365 | D:4      | Found an opulent altar of Gozag.
   472 | D:4      | Noticed a bullfrog
   477 | D:4      | Killed a bullfrog
   478 | D:4      | Reached XP level 6. HP: 32/45 MP: 13/13
   514 | D:4      | Found a runed translucent door.
   520 | D:4      | Learned a level 4 spell: Hailstorm
   520 | D:4      | Noticed Crazy Yiuf
   529 | D:4      | Killed Crazy Yiuf
   646 | D:4      | Found a shimmering altar of Xom.
  1070 | D:5      | Entered Level 5 of the Dungeon
  1081 | D:5      | Reached XP level 7. HP: 50/50 MP: 9/14
  1147 | D:5      | Reached skill level 1 in Conjurations
  1150 | D:5      | Reached XP level 8. HP: 16/57 MP: 4/15
  1386 | D:5      | Found a runed translucent door.
  1624 | D:5      | Found a runed translucent door.
  1630 | D:5      | Noticed sigtrap's ghost (novice SpBr)
  1671 | D:5      | Noticed a hornet
  1676 | D:5      | Killed a hornet
  1677 | D:5      | Reached skill level 1 in Fighting
  1677 | D:5      | Reached skill level 1 in Short Blades
  1677 | D:5      | Reached skill level 5 in Spellcasting
  1677 | D:5      | Gained mutation: You passively map the area around you.
                  | [Meteoran growth]
  1677 | D:5      | Reached XP level 9. HP: 39/64 MP: 8/18
  1786 | D:5      | Killed sigtrap's ghost
  1787 | D:5      | Reached skill level 10 in Ice Magic
  2205 | D:6      | Found an iron altar of Okawaru.
  2394 | D:6      | Found a staircase to the Ecumenical Temple.
  2412 | Temple   | Entered the Ecumenical Temple
  2593 | Temple   | Became a worshipper of Vehumet
  2845 | D:6      | Noticed Grinder
  2857 | D:6      | Killed Grinder
  2865 | D:6      | Learned a level 6 spell: Dispersal
  2922 | D:6      | Reached skill level 1 in Translocations
  3012 | D:7      | Reached XP level 10. HP: 73/73 MP: 5/21
  3157 | D:7      | Reached skill level 5 in Translocations
  3176 | D:8      | Found an ancient bone altar of Kikubaaqudgha.
  3233 | D:8      | Reached * piety under Vehumet
  3233 | D:8      | Offered knowledge of Sandblast by Vehumet.
  3259 | D:8      | Found a snail-covered altar of Cheibriados.
  3268 | D:8      | Found an ornate altar of the Wu Jian Council.
  3371 | D:8      | Noticed Joseph
  3445 | D:8      | Noticed Prince Ribbit
  3446 | D:8      | Killed Joseph
  3465 | D:8      | Killed Prince Ribbit
  3648 | D:8      | Found a staircase to the Lair.
  3652 | Lair:1   | Entered Level 1 of the Lair of Beasts
  3655 | Lair:1   | Noticed a komodo dragon
  3664 | Lair:1   | Reached skill level 10 in Translocations
  3672 | Lair:1   | Mangled by a komodo dragon

Illustrated notes

Levels and vault maps discovered:
D:1:      matt_arrival_refuge, layout_loops_cross
D:2:      layout_basic, chequers_serial_rivers_micro_b
D:3:      layout_basic, lemuel_tele_altar, cheibrodos_ashenzari_chains,
          fedhas_altar_3, mainiacjoe_overflow_small_starburst,
          hellmonk_ecumenical_altar_slurped_away, minivault_4
D:4:      layout_loops_corners, mainiacjoe_overflow_concentric_impassable,
          nicolae_ru_awakened_eye, nicolae_gozag_seed_capital,
          uniq_crazy_yiuf_cottage
D:5:      layout_gridville, ebering_ghost_sewer_f, wad_floor_pattern_untrapped
D:6:      layout_loops_corners, nicolae_overflow_crystal_walls,
          minmay_temple_entry_stoned_glass, uniq_grinder
D:7:      layout_gridville, minmay_holes
D:8:      layout_rooms, kiku_gazebo_garden_becter,
          mainiacjoe_overflow_catwalk_spiral, lair_entry_dummy,
          serial_bayou_ford_a, uniq_joseph, uniq_prince_ribbit1
Temple:   nicolae_temple_bog_church
Lair:1:   layout_misc_corridors, grunt_forest_small_clearings, pond,
          uniq_gastronok

Skill      XL: |  1  2  3  4  5  6  7  8  9 10 |
---------------+-------------------------------+-----
Spellcasting   | 3 4 5 7 |  7.2
Ice Magic      | 5 7 8 9 10 | 10.9
Evocations     | 2 |  2.0
Conjurations   | 1 2 4 |  4.0
Fighting       | 1 2 |  2.0
Short Blades   | 1 |  1.7
Dodging        | 3 |  3.6
Translocations | 3 10 | 10.4
Stealth        | |  1.4

Action                   |  1- 3 |  4- 6 |  7- 9 | 10-12 || total
-------------------------+-------+-------+-------+-------++-------
Melee: Short sword       |     4 |    43 |   101 |    35 ||   183
       Punch             |       |       |     4 |       ||     4
       Long sword        |       |       |       |    19 ||    19
 Cast: Freeze            |    19 |     5 |    20 |    12 ||    56
       Frozen Ramparts   |       |     7 |    16 |    10 ||    33
       Hailstorm         |       |     2 |    29 |    19 ||    50
       Dispersal         |       |       |       |     1 ||     1
  Use: Scroll            |       |     6 |     2 |     3 ||    11
       Potion            |       |       |     1 |     1 ||     2
Armor: Robe              |       |    11 |    24 |     8 ||    43
       Skin              |       |       |       |    22 ||    22
Dodge: Dodged            |     9 |    18 |    52 |    47 ||   126
